 Dungeon Crawl Stone Soup version 0.25-a0-1130-g3926558f3a (webtiles) character file.

Game seed: 14158041761545202691, levelgen mode: deterministic

53 MisterFreud the Skirmisher (level 3, -3/27 HPs)
             Began as an Octopode Gladiator on May 19, 2020.
             Slain by a goblin
             ... wielding a +0 dagger of venom
             ... led by Robin
              (6 damage)
             ... on level 2 of the Dungeon.
             The game lasted 00:01:15 (900 turns).

MisterFreud the Skirmisher (Octopode Gladiator)      Turns: 900, Time: 00:01:16

Health: -3/27      AC:  1    Str: 13    XL:     3   Next: 87%
Magic:  3/3        EV: 14    Int: 17    God:
Gold:   109        SH:  0    Dex: 13    Spells: 2/2 levels left

rFire    . . .     SeeInvis .   a - +0 long sword
rCold    . . .     Gourm    .   (no shield)
rNeg     . . .     Faith    .   b - +0 hat
rPois    .         Spirit   .   (no amulet)
rElec    .         Reflect  .   p - +6 ring of intelligence
rCorr    .         Harm     .   (no ring)
MR       .....                  (no ring)
Stlth    ++........             (no ring)
HPRegen  0.09/turn              (no ring)
MPRegen  0.08/turn              (no ring)
                                (no ring)
                                (no ring)

@: no status effects
A: almost no armour, stealthy swim, amphibious, 8 rings, constrict 8, camouflage
1, gelatinous body 1
a: no special abilities


You were on level 2 of the Dungeon.
You were not hungry.

You visited 1 branch of the dungeon, and saw 2 of its levels.

You collected 109 gold pieces.

Inventory:

Hand Weapons
 a - a +0 long sword (weapon)
Missiles
 c - 3 throwing nets (quivered)
 h - 24 bolts
 i - 84 stones
 l - 3 atropa-tipped darts
 m - 17 sling bullets
Armour
 b - a +0 hat (worn)
Jewellery
 p - a +6 ring of intelligence (left tentacle)
Scrolls
 e - a scroll of blinking {unknown}
 j - a scroll of enchant armour {unknown}
 k - 3 scrolls of identify {unknown}
 n - a scroll of remove curse {unknown}
 o - a scroll of amnesia {unknown}
Potions
 g - a potion of curing
 q - a potion of lignification {unknown}
Comestibles
 d - 2 rations
 f - 7 chunks of flesh


   Skills:
 - Level 4.0 Fighting
 * Level 3.1 Long Blades
 - Level 2.0 Throwing
 - Level 3.0 Dodging


You had 2 spell levels left.
You didn't know any spells.
Your spell library was empty.

Dungeon Overview and Level Annotations

Branches:
Dungeon (2/15)

Altars:

Annotations:
D:2 Robin


Innate Abilities, Weirdness & Mutations

You cannot wear most types of armour.
You are very stealthy in the water. (Stealth+)
You are amphibious.
You can wear up to eight rings at the same time.
You can use your tentacles to constrict eight enemies at once.
Your skin changes colour to match your surroundings (Stealth+).
Your rubbery body absorbs attacks. (AC +1, EV +1)


Message History

You riposte.
You slash the goblin!
You kill the goblin!
A kobold comes into view.
The leopard gecko closely misses you. Robin throws the goblin at you!
* * * LOW HITPOINT WARNING * * *
The goblin hits you but does no damage.
You are lethally poisoned!
You see here a goblin corpse.
Unknown command.
It was a potion of curing.
You feel better. The goblin barely misses you. The hobgoblin hits you.
* * * LOW HITPOINT WARNING * * *
The leopard gecko closely misses you.
You riposte.
You barely miss the leopard gecko. You grab the leopard gecko.
You barely miss the goblin. You grab the goblin. You constrict the goblin.
You constrict the leopard gecko. The leopard gecko bites you.
* * * LOW HITPOINT WARNING * * *
The goblin hits you with a +0 dagger of venom.
You die...

#.. #.# #.# ########
#.# #......# #.#
#......# #.#
#......######.######.#
+......'g@ggg.ggK.....
#......###lg..#.g.....
#......###....#..####g
#.....รท..#....#..#
#####..#.#....#..# ###
#..#.#....#..# ##...
#..#'####.#..# .
..#.#####.......#.#..#
#....<............#.#


You could see Robin, a leopard gecko, 2 hobgoblins, 5 goblins and a kobold.

Vanquished Creatures
  3 oozes
  A worm (D:2)
  A dart slug (D:1)
  4 giant cockroaches (D:1)
  11 goblins
  2 hobgoblins
  2 kobolds (D:1)
  2 bats (D:1)
  4 frilled lizards
  3 rats
33 creatures vanquished.

Notes
Turn   | Place    | Note
-------+----------+-------------------------------------------
     0 | D:1      | MisterFreud the Octopode Gladiator began the quest for the
                  | Orb.
     0 | D:1      | Reached XP level 1. HP: 14/14 MP: 1/1
   134 | D:1      | Reached XP level 2. HP: 16/20 MP: 2/2
   283 | D:1      | Reached skill level 3 in Fighting
   384 | D:1      | Reached XP level 3. HP: 26/26 MP: 3/3
   886 | D:2      | Noticed Robin
   890 | D:2      | Reached skill level 4 in Fighting
   900 | D:2      | Slain by a goblin

Illustrated notes

Levels and vault maps discovered:
D:1:      elethiomel_arrival_infinity_welcomes_careful_drivers, layout_rooms
D:2:      layout_basic, first_ration, uniq_robin

Skill      XL: |  1  2  3 |
---------------+----------+-----
Fighting       | 3 4 |  4.0
Long Blades    | |  3.1
Throwing       | |  2.0
Dodging        | |  3.0

Action                   || total
-------------------------++-------
Melee: Long sword        ||    53
       Tentacles         ||    14
       Constrict         ||    17
  Use: Potion            ||     1
 Stab: Sleeping          ||     3
Armor: Skin              ||     5
Dodge: Dodged            ||    35
       Rpst.: Long sword ||     7

Table legend:
 A = Non-vault XP
 B = Vault XP
 C = Vault XP percentage of total XP
 D = Non-vault monster count
 E = Vault monster count
 F = Vault count percentage of total count
                 A         B        C        D         E       F
            +---------+---------+-------+---------+---------+-------
      Total |      68 |       8 |  10.5 |      29 |       4 |  12.1
            +---------+---------+-------+---------+---------+-------
        D:1 |      46 |       0 |   0.0 |      21 |       0 |   0.0
        D:2 |      22 |       8 |  26.7 |       8 |       4 |  33.3
            +---------+---------+-------+---------+---------+-------
